 Dungeon Crawl Stone Soup version 0.28-a0-1235-g7c8fac35f0 (webtiles) character file.

Game seed: 18247618376308449796

143 ChaosChampion the Insei (level 5, 0/49 HPs)
             Began as an Octopode Transmuter on Dec 25, 2021.
             Slain by Crazy Yiuf (2 damage)
             ... on level 3 of the Dungeon.
             The game lasted 00:04:06 (3548 turns).

ChaosChampion the Insei (Octopode Transmuter)       Turns: 3548, Time: 00:04:07

Health: 0/49       AC: 22    Str:  9    XL:     5   Next: 25%
Magic:  3/8        EV:  2    Int: 18    God:
Gold:   141        SH:  0    Dex: 12    Spells: 2/8 levels left

rFire   . . .      SeeInvis .     - Unarmed
rCold   . . .      Faith    .   (no shield)
rNeg    . . .      Spirit   .   (helmet currently unavailable)
rPois   +          Reflect  .   (no amulet)
rElec   .          Harm     .   (no ring)
rCorr   .          Rampage  .   (no ring)
Will    .....      NoTele   +   (no ring)
Stlth   +.........              (no ring)
HPRegen 0.16/turn               (no ring)
MPRegen 0.11/turn               (no ring)
                                (no ring)
                                (no ring)

@: lethally poisoned (0 -> -7), tree-form
A: stationary, stasis, torment immunity, boosted hp, almost no armour,
(amphibious), 8 rings, (camouflage 1), (gelatinous body 1), (nimble swimmer 1),
(tentacles)
a: no special abilities


You were on level 3 of the Dungeon.
You were a tree.
You visited 1 branch of the dungeon, and saw 3 of its levels.

You collected 141 gold pieces.

Inventory:

Wands
 i - a wand of flame (13)
Scrolls
 d - a scroll of enchant armour {unknown}
 e - 7 scrolls of identify {unknown}
 f - 2 scrolls of teleportation {unknown}
 g - a scroll of fear {unknown}
Potions
 a - a potion of heal wounds {unknown}
 b - a potion of flight {unknown}
 c - a potion of lignification
 h - a potion of attraction {unknown}
 j - a potion of berserk rage {unknown}


   Skills:
 - Level 1.0 Fighting
 - Level 2.0 Dodging
 * Level 5.0 Unarmed Combat
 - Level 2.0 Spellcasting
 + Level 3.3 Transmutations


You had 2 spell levels left.
You knew the following spells:

 Your Spells              Type           Power      Damage    Failure   Level
a - Beastly Appendage     Tmut           26%        N/A       4%          1
b - Wereblood             Tmut           13%        N/A       7%          2
c - Spider Form           Tmut/Pois      7%         N/A       26%         3

Your spell library contained the following spells:

 Spells                   Type           Power      Damage    Failure   Level
 Sublimation of Blood     Necr           1%         N/A       26%         2
 Ice Form                 Ice/Tmut       7%         N/A       65%         4
 Petrify                  Tmut/Erth      7%         N/A       65%         4
 Irradiate                Conj/Tmut      3%         3d14      94%         5


Dungeon Overview and Level Annotations

Branches:
Dungeon (3/15)

Altars:

Annotations:
D:3 Crazy Yiuf


Innate Abilities, Weirdness & Mutations

You are a tree.
Your roots penetrate the ground, keeping you stationary.
You cannot be teleported.
You are immune to unholy pain and torment.
Your maximum health is greatly increased.
You cannot wear most types of armour.
((You are amphibious.))
You can wear up to eight rings at the same time.
((Your skin changes colour to match your surroundings (Stealth+).))
((Your rubbery body absorbs attacks. (AC +1, EV +1)))
((You are camouflaged when in or above water. (Stealth+)))
((You have tentacles for arms and can constrict up to eight enemies at once.))


Message History

Confirm with . or Enter, or press ? or * to list all spells.
You miscast Wereblood.
You are very lightly contaminated with residual magic.
Nothing appears to happen.
You open the door. You hit Crazy Yiuf.
Crazy Yiuf is poisoned.
Crazy Yiuf is moderately wounded.
Crazy Yiuf hits you with a +4 quarterstaff of chaos.
You feel your power leaking away.
You hit Crazy Yiuf but do no damage.
Crazy Yiuf looks as sick as possible!
Crazy Yiuf is moderately wounded.
Crazy Yiuf says, "Lugonu!"
Crazy Yiuf drinks a potion.
Crazy Yiuf is healed!
Crazy Yiuf looks more healthy.
You hit Crazy Yiuf.
Crazy Yiuf is moderately wounded.
Crazy Yiuf hits you with a +4 quarterstaff of chaos!
You are lethally poisoned!
You hit Crazy Yiuf but do no damage.
Crazy Yiuf is poisoned.
Crazy Yiuf is moderately wounded.
You feel very sick. Crazy Yiuf misses you.
You feel very sick.
* * * LOW HITPOINT WARNING * * *
You feel very sick.
Crazy Yiuf yells, "You childish water!"
Your magical contamination has completely faded away.
Your transformation is almost over.
* * * LOW HITPOINT WARNING * * *
You feel very sick.
* * * LOW HITPOINT WARNING * * *
You feel sick.
Okay, then.
It was a potion of lignification.
Your transformation has ended.
You turn into a tree.
Your roots penetrate the ground.
* * * LOW HITPOINT WARNING * * *
You feel sick.
Crazy Yiuf hits you with a +4 quarterstaff of chaos.
You die...

.......................<.####
.##.##.#.#....###.####[.....#
.##.##....)#.##...######.##.#####
....................# #.........
###.###..######..#### ##.#######
###.......# #....# #.#
.######..## ♣....♣ #.#
..#####..## ♣♣...♣ #.#
#.........# ♣♣♣♣♣ #.# ..######.##
♣♣g♣ #.# ### #.# ♣.♣♣ #.# #.#
♣♣.♣ #.# # #.# ♣.♣♣ #.# ## #.#
#'# #.######. #.# ... ###
#........ #.# #...# #.##########.
#.# #)..# #..## ##


You could see Crazy Yiuf (poisoned).

Vanquished Creatures
  3 gnolls (D:2)
  6 adders (D:2)
  3 dart slugs
  An orc (D:3)
  5 endoplasms
  A giant cockroach (D:1)
  6 hobgoblins
  5 kobolds
  5 quokkas
  3 ball pythons (D:1)
  3 bats (D:1)
  2 frilled lizards (D:1)
  5 goblins
  9 rats
57 creatures vanquished.

Notes
Turn   | Place    | Note
-------+----------+-------------------------------------------
     0 | D:1      | ChaosChampion the Octopode Transmuter began the quest for
                  | the Orb.
     0 | D:1      | Reached XP level 1. HP: 13/13 MP: 3/3
   296 | D:1      | Reached XP level 2. HP: 14/18 MP: 5/5
  1000 | D:1      | Reached XP level 3. HP: 21/23 MP: 6/6
  1442 | D:2      | Reached skill level 4 in Unarmed Combat
  1449 | D:2      | Learned a level 2 spell: Wereblood
  1453 | D:2      | Learned a level 3 spell: Spider Form
  1784 | D:2      | Reached XP level 4. HP: 23/28 MP: 1/7
  2058 | D:2      | Found a faded altar of an unknown god.
  2330 | D:2      | Reached XP level 5. HP: 17/33 MP: 3/8
  2645 | D:3      | Reached skill level 5 in Unarmed Combat
  3137 | D:3      | Found a runed translucent door.
  3138 | D:3      | Noticed Crazy Yiuf
  3548 | D:3      | HP: 2/49 [poisoned by Crazy Yiuf]
  3548 | D:3      | Slain by Crazy Yiuf

Illustrated notes

Levels and vault maps discovered:
D:1:      co_arrival_square_in_a_square_in_a_square, layout_loops_ring
D:2:      layout_basic, basic_ecumenical_altar, guppyfry_early_lair_pool
D:3:      layout_loops_ring, uniq_crazy_yiuf_cottage

Skill      XL: |  1  2  3  4  5 |
---------------+----------------+-----
Unarmed Combat | 4 5 |  5.0
Transmutations | 3 |  3.3
Fighting       | |  1.0
Dodging        | |  2.0
Spellcasting   | |  2.0

Action                   |  1- 3 |  4- 6 || total
-------------------------+-------+-------++-------
Melee: Unarmed           |    73 |    68 ||   141
       Constrict         |    19 |    10 ||    29
       Tentacles         |     9 |     6 ||    15
       Punch             |     1 |       ||     1
       Kick              |     1 |     1 ||     2
 Cast: Spider Form       |     2 |     4 ||     6
       Beastly Appendage |     2 |     2 ||     4
       Wereblood         |     1 |     3 ||     4
  Use: Potion            |       |     1 ||     1
 Stab: Sleeping          |     6 |     4 ||    10
Armor: Skin              |     8 |     4 ||    12
Dodge: Dodged            |    44 |    37 ||    81

Table legend: (Time is in decaauts)
 A = Elapsed time spent in this place.
 B = Non-inter-level travel time spent in this place.
 C = Inter-level travel time spent in this place.
 D = Time resting spent in this place.
 E = Time spent auto-exploring this place.
 F = Levels seen in this place.
 G = Mean time per level.
                   A        B        C        D        E       F      G
               +--------+--------+--------+--------+--------+-----+--------+
         Total |   3540 |   3482 |     58 |    494 |   2470 |   3 | 1180.0 |
       Dungeon |   3540 |   3482 |     58 |    494 |   2470 |   3 | 1180.0 |
               +--------+--------+--------+--------+--------+-----+--------+

Top non-repeatable levels by time:
     D:1: 1386 daAuts
     D:2: 1244 daAuts
     D:3: 908 daAuts
